 Dungeon Crawl Stone Soup version 0.30-a0-782-ge64f9170bb (webtiles) character file.

Game seed: 202687756913091610

32 Dirtsage the Chopper (level 3, 0/29 HPs)
             Began as a Demonspawn Fighter on Mar 8, 2023.
             Slain by a goblin
             ... wielding a +0 club
              (1 damage)
             ... on level 2 of the Dungeon.
             The game lasted 00:01:19 (967 turns).

Dirtsage the Chopper (Demonspawn Fighter)            Turns: 967, Time: 00:01:20

Health: 0/29       AC:  7    Str: 18    XL:     3   Next: 10%
Magic:  3/3        EV:  6    Int:  9    God:
Gold:   65         SH:  4    Dex: 12    Spells: 2/2 levels left

rFire   . . .      SeeInvis .    a - +0 war axe
rCold   . . .      Faith    .    c - +0 buckler
rNeg    . . .      Spirit   .    b - +0 scale mail
rPois   .          Reflect  .    (no helmet)
rElec   .          Harm     .    (no cloak)
rCorr   .          Rampage  .    h - +0 pair of gloves
Will    .....                    (no boots) Stlth
                                 (no amulet)
HPRegen 0.24/turn                (no ring)
MPRegen 0.08/turn                (no ring)

@: grasped by roots, constricted
A: hooves 1
a: no special abilities


You were on level 2 of the Dungeon.
You visited 1 branch of the dungeon, and saw 2 of its levels.

You collected 65 gold pieces.

Inventory:

Hand Weapons
 a - a +0 war axe (weapon)
Armour
 b - a +0 scale mail (worn)
 c - a +0 buckler (worn)
 h - a +0 pair of gloves (worn)
Scrolls
 e - 8 scrolls of identify {unknown}
 i - a scroll of torment {unknown}
 j - a scroll of poison {unknown}
Potions
 d - 2 potions of might
 f - a potion of flight {unknown}
 g - a potion of heal wounds {unknown}
 k - a potion of attraction {unknown}


   Skills:
 - Level 3.0 Fighting
 + Level 3.3 Axes
 - Level 2.6 Armour
 - Level 2.6 Shields


You had 2 spell levels left.
You didn't know any spells.
Your spell library was empty.

Dungeon Overview and Level Annotations

Branches:
Dungeon (2/15)

Altars:

Annotations:
D:2 Ijyb


Innate Abilities, Weirdness & Mutations

You have large cloven feet.


Message History

You closely miss Ijyb. Your kick misses Ijyb.
Ijyb is lightly wounded.
You completely miss the goblin. You barely miss the goblin.
You closely miss the goblin. The goblin barely misses you.
Ijyb barely misses you. The goblin hits you but does no damage.
The goblin hits you with a +0 club.
You take 2 damage, and have 13/29 hp.
You hit Ijyb. You kick Ijyb, but do no damage.
Ijyb is lightly wounded.
You hit the goblin but do no damage. You closely miss the goblin.
You hit the goblin.
You kill the goblin!
The goblin hits you but does no damage. The goblin barely misses you.
Ijyb hits you but does no damage.
You hit Ijyb.
Ijyb is moderately wounded.
You hit the goblin. You closely miss the goblin. The goblin barely misses you.
The goblin closely misses you. Ijyb closely misses you.
Ijyb hits you with a +0 dagger. The goblin barely misses you. x2
You take 3 damage, and have 10/29 hp.
You hit Ijyb. You kick Ijyb, but do no damage.
Ijyb is heavily wounded.
You slash the goblin!
You kill the goblin!
You closely miss the goblin. Ijyb completely misses you.
The goblin barely misses you.
You hit Ijyb but do no damage.
Ijyb is heavily wounded.
You miss the goblin.
Ijyb zaps a wand.
The roots erupt in riotous growth!
The grasping roots grab you!
Ijyb is unaffected.
The goblin is unaffected.
The grasping roots constrict you.
* * * LOW HITPOINT WARNING * * *
The goblin hits you but does no damage.
You take 4 damage, and have 7/29 hp.
You miss Ijyb.
Ijyb is heavily wounded.
You hit the goblin. Ijyb barely misses you. The grasping roots constrict you.
* * * LOW HITPOINT WARNING * * *
The goblin hits you with a +0 club.
You die...

####### #<....#
#.....#
###########.....#
.8.8.8)8......###
......g@..##..#
?.....)g..#####
..........#
[.........#
..........#
.8.8.8.8...
########....
##...


You could see Ijyb and a goblin.

Vanquished Creatures
  A dart slug (D:1)
  2 endoplasms (D:1)
  A giant cockroach (D:1)
  7 goblins
  5 hobgoblins (D:1)
  3 kobolds (D:1)
  3 ball pythons (D:1)
  A bat (D:1)
  2 frilled lizards (D:1)
  3 rats (D:1)
28 creatures vanquished.

Notes
Turn   | Place    | Note
-------+----------+-------------------------------------------
     0 | D:1      | Dirtsage the Demonspawn Fighter began the quest for the
                  | Orb.
     0 | D:1      | Reached XP level 1. HP: 18/18 MP: 1/1
   115 | D:1      | Gained mutation: You have large cloven feet. [demonic
                  | ancestry]
   115 | D:1      | Reached XP level 2. HP: 22/24 MP: 2/2
   955 | D:2      | Noticed Ijyb
   961 | D:2      | Reached XP level 3. HP: 18/29 MP: 3/3
   967 | D:2      | HP: 1/29 [constriction (6)]
   967 | D:2      | Slain by a goblin

Illustrated notes

Levels and vault maps discovered:
D:1:      minmay_arrival_radiant_lines, layout_basic, roderic_lattice_a
D:2:      kennysheep_the_goblin_king, layout_rooms, basic_ecumenical_altar,
          serial_shops, shop_statue, minmay_crystal_water

Skill      XL: |  1  2 |
---------------+-------+-----
Axes           | 2 3 |  3.3
Fighting       | |  3.0
Armour         | |  2.6
Shields        | |  2.6

Action                     || total
---------------------------++-------
  Melee: War axe           ||    47
         Kick              ||     5
 Armour: Scale mail        ||    23
  Dodge: Dodged            ||    28
  Block: Buckler           ||    11

Table legend: (Time is in decaauts)
 A = Elapsed time spent in this place.
 B = Non-inter-level travel time spent in this place.
 C = Inter-level travel time spent in this place.
 D = Time resting spent in this place.
 E = Time spent auto-exploring this place.
 F = Levels seen in this place.
 G = Mean time per level.
                   A        B        C        D        E       F      G
               +--------+--------+--------+--------+--------+-----+--------+
         Total |    987 |    960 |     27 |      0 |    823 |   2 |  493.5 |
       Dungeon |    987 |    960 |     27 |      0 |    823 |   2 |  493.5 |
               +--------+--------+--------+--------+--------+-----+--------+

Top non-repeatable levels by time:
     D:1: 962 daAuts
     D:2: 25 daAuts
